Map: Hard Lead LE

Players

A.I. 2 (Very Easy) - Winner!

  • Race: Protoss Protoss
  • Spawn Location: 5:00

llllllllllll

  • Race: Zerg Zerg
  • League: Grandmaster
  • Spawn Location: 11:00

VOD

Have the link to the VOD?

Description

Time

  • Played on: Feb. 10, 2024, 8:45 p.m.
  • Length: 5:40
Show
View Real Time Build Order
Export as new Build Order

A.I. 2 (Very Easy) Protoss - Winner!

Build Orders: 1 Gate Expand, Nexus First 

Get SALT Encoding   

  12  0:00  Probe  
  13  0:13  Probe  
  14  0:19  Pylon  
  14  0:42  Gateway  
  14  1:01  Nexus  
  14  1:21  Zealot, Pylon  
  14  1:23  Assimilator  
  16  1:37  Cybernetics Core  
  16  1:38  Probe  
  17  1:50  Probe  
  18  2:00  Probe  
  18  2:01  Assimilator  
  19  2:08  Probe  
  19  2:13  Stalker  
  19  2:15  Probe  
  22  2:16  Warp Gate  
  23  2:23  Probe  
  23  2:28  Probe  
  25  2:39  Probe  
  26  2:47  Probe  
  26  2:49  Assimilator  
  27  2:51  Pylon  
  27  2:54  Probe  
  28  3:00  Probe  
  29  3:09  Probe  
  29  3:12  Probe  
  30  3:14  Robotics Facility  
  31  3:25  Probe  
  32  3:31  Adept  
  32  3:32  Probe  
  35  3:39  Probe  
  36  3:46  Probe  
  37  3:53  Probe  
  38  4:00  Probe  
  39  4:03  Observer  
  39  4:06  Probe  
  41  4:15  Probe  
  42  4:17  Observer  
  42  4:18  Probe  
  42  4:19  Assimilator  
  43  4:29  Probe  
  45  4:33  Pylon  
  45  4:36  Probe  
  46  4:44  Probe  
  47  4:48  Sentry  
  47  4:51  Probe  
Show
View Real Time Build Order
Export as new Build Order

llllllllllll Zerg 

Build Orders: Hatch First 

Get SALT Encoding   

  12  0:01  Drone  
  13  0:13  Overlord  
  13  0:18  Drone  
  14  0:33  Drone x2  
  16  0:48  Hatchery  
  15  0:52  Drone  
  15  0:56  Drone  
  17  1:00  Drone  
  18  1:11  Extractor  
  18  1:15  Spawning Pool  
  18  1:17  Drone  
  17  1:20  Drone  
  18  1:30  Drone  
  19  1:42  Drone  
  20  2:01  Queen x2  
  20  2:02  Zergling x6  
  27  2:19  Hatchery  
  27  2:22  Overlord  
  26  2:25  Drone  
  26  2:27  Drone  
  28  2:32  Metabolic Boost  
  28  2:41  Drone x3  
  28  2:43  Drone  
  32  2:50  Queen  
  34  2:55  Overlord  
  34  3:02  Queen  
  36  3:09  Overlord  
  36  3:18  Drone x6  
  42  3:21  Drone  
  43  3:31  Drone x3  
  46  3:41  Queen x2  
  46  3:44  Queen  
  52  3:54  Overlord  
  52  3:56  Zergling x10  
  57  4:07  Overlord  
  57  4:09  Drone  
  58  4:14  Drone x8  
  66  4:30  Queen x2  
  70  4:32  Lair  
  70  4:35  Overlord  
  70  4:36  Drone x2  
  70  4:37  Drone x2  
  74  4:52  Spore Crawler  
  73  4:53  Spore Crawler  
  73  4:55  Drone x4, Spore Crawler  
  73  4:56  Drone  
  73  4:58  Drone  
  73  4:59  Drone x5  
  82  5:01  Overlord  
  82  5:14  Overlord x2  
  82  5:17  Baneling Nest  
Tags
 
Add a new tag
Caveats
  • Supply blocks, unpowered buildings, or Contaminate may cause inaccurate times.
  • Supply counts are checked every 10 seconds.